 Dungeon Crawl Stone Soup version 0.30-a0-141-g30f27751c5 (webtiles) character file.

Game seed: 9905105028485937601

164 Klosterheim the Firebug (level 5, -8/42 HPs)
             Began as a Naga Fire Elementalist on Sept 26, 2022.
             Was an Initiate of Cheibriados.
             Mangled by a gnoll
             ... wielding a +0 flail
              (10 damage)
             ... on level 3 of the Dungeon.
             The game lasted 00:13:08 (3382 turns).

Klosterheim the Firebug (Naga Fire Elementalist)    Turns: 3382, Time: 00:13:08

Health: -8/42      AC:  3    Str: 12    XL:     5   Next: 45%
Magic:  7/9        EV: 14    Int: 18    God:    Cheibriados [......]
Gold:   57         SH:  0    Dex: 12    Spells: 8/9 levels left

rFire   . . .      SeeInvis +    n - +4 dagger
rCold   . . .      Faith    .    (no shield)
rNeg    . . .      Spirit   .    a - +1 robe
rPois   +          Reflect  .    (no helmet)
rElec   .          Harm     .    (no cloak)
rCorr   .          Rampage  .    (no gloves)
Will    .....                    (no barding)
Stlth   ++........               (no amulet)
HPRegen 0.14/turn                f - +4 ring of evasion
MPRegen 0.11/turn                (no ring)

@: very slow
A: AC +1, large, see invisible, deformed body, poison resistance, slowness 2,
spit poison 1, naga tail 1
a: Spit Poison, Renounce Religion


You were on level 3 of the Dungeon.
You worshipped Cheibriados.
Cheibriados was noncommittal.
You visited 1 branch of the dungeon, and saw 3 of its levels.

You collected 109 gold pieces.
You spent 52 gold pieces at shops.

Inventory:

Hand Weapons
 n - a +4 dagger (weapon)
Armour
 a - a +1 robe (worn)
Jewellery
 f - a +4 ring of evasion (left hand)
Scrolls
 h - a scroll of enchant armour
 j - a scroll of identify
Potions
 b - a potion of magic
 c - a potion of brilliance
 d - 2 potions of might
 e - a potion of flight
 k - a potion of lignification {unknown}
 l - a potion of heal wounds {unknown}
 o - a potion of haste {unknown}


   Skills:
 - Level 2.0 Dodging
 - Level 3.0 Stealth
 + Level 2.9 Spellcasting
 + Level 2.5 Conjurations
 * Level 4.6 Fire Magic


You had 8 spell levels left.
You knew the following spells:

 Your Spells              Type           Power      Damage    Failure   Level
c - Foxfire               Conj/Fire      60%        2x1d7     3%          1

Your spell library contained the following spells:

 Spells                   Type           Power      Damage    Failure   Level
 Scorch                   Fire           38%        2d7       3%          2
 Inner Flame              Hex/Fire       10%        N/A       19%         3
 Ensorcelled Hibernation  Hex/Ice        4%         N/A       26%         2
 Passwall                 Tmut/Erth      1%         N/A       26%         2
 Kindle Blastsparks       Fire/Tloc/Air  16%        2d11      26%         3
 Flame Wave               Conj/Fire      15%        2d7       36%         4
 Swiftness                Air            2%         N/A       45%         3


Dungeon Overview and Level Annotations

Branches:
Dungeon (3/15)

Altars:
Cheibriados

Shops:
D:3 *


Innate Abilities, Weirdness & Mutations

Your serpentine skin is tough. (AC +1)
You have supernaturally acute eyesight. (SInv)
Armour fits poorly on your strangely shaped body.
Your system is resistant to poisons. (rPois)
You cover ground very slowly.
You can spit poison.
You have a snake-like lower body.


Message History

The gnoll barely misses you. The gnoll closely misses you.
The gnoll shouts!
The gnoll barely misses you. The gnoll misses you.
You have got your breath back.
The gnoll hits you from afar with a +0 halberd.
The gnoll attacks as you move away! The gnoll hits you with a +0 flail!
* * * LOW HITPOINT WARNING * * *
The gnoll closely misses you. The gnoll misses you.
The gnoll hits you from afar with a +0 halberd.
* * * LOW HITPOINT WARNING * * *
You feel better.
The gnoll hits you from afar with a +0 halberd!
* * * LOW HITPOINT WARNING * * *
It was a potion of invisibility.
You fade into invisibility!
The gnoll misses you. The gnoll misses you.
The gnoll's inner flame fades away.
The gnoll closely misses you.
The gnoll's inner flame fades away.
The gnoll barely misses you. The gnoll misses you. The gnoll barely misses you.
There is an open door here.
The gnoll closely misses you. The gnoll closely misses you.
The gnoll hits you with a +0 flail.
* * * LOW HITPOINT WARNING * * *
The gnoll barely misses you.
There is an open door here.
You flicker for a moment.
The gnoll hits you with a +0 flail.
* * * LOW HITPOINT WARNING * * *
The gnoll misses you. The gnoll barely misses you.
You flicker back into view.
The gnoll completely misses you. The gnoll hits you with a +0 flail!
You die...

############.#......[.###..#
...........................#
###########..######.#......#
####..## #....#####.#######
#######....#####.#######.........
#..........#.....#.....##.#######
#.###.####.#.##..#.###(##.#
......# #.#.#####.# #.##.#
#>.#### #.#....@g.###.##.# ####
#.#######g....##.# ####+#####
#.######.# #........# #.# #.# #
#........###g# #.# #........g...#
#.# #........##### #.# .
+........## #.# # #.........# #.#


You could see 2 gnolls.

Vanquished Creatures
  3 gnolls (D:3)
  5 adders
  A worm (D:2)
  A dart slug (D:2)
  4 orcs (D:3)
  7 ball pythons
  10 bats
  10 endoplasms
  2 giant cockroaches
  7 goblins
  3 hobgoblins
  11 jackals
  5 kobolds
  A quokka (D:1)
  A frilled lizard (D:1)
  3 rats
74 creatures vanquished.

Vanquished Creatures (others)
  190 foxfires
  5 toadstools (D:1)
195 creatures vanquished.

Grand Total: 269 creatures vanquished

Notes
Turn   | Place    | Note
-------+----------+-------------------------------------------
     0 | D:1      | Klosterheim the Naga Fire Elementalist began the quest for
                  | the Orb.
     0 | D:1      | Reached XP level 1. HP: 15/15 MP: 3/3
   164 | D:1      | Reached XP level 2. HP: 16/22 MP: 1/5
   801 | D:1      | Reached XP level 3. HP: 28/28 MP: 3/6
  1409 | D:2      | Reached XP level 4. HP: 27/36 MP: 4/7
  1713 | D:2      | Reached skill level 4 in Fire Magic
  2326 | D:3      | Found Raefoega's Assorted Antiques.
  2329 | D:3      | Bought a scroll labelled JELIKOBAFY for 26 gold pieces
  2329 | D:3      | Bought a scroll labelled FIBBU YCOL for 26 gold pieces
  2783 | D:3      | Reached XP level 5. HP: 34/42 MP: 1/9
  3321 | D:3      | Found a snail-covered altar of Cheibriados.
  3331 | D:3      | Became a worshipper of Cheibriados the Contemplative
  3376 | D:3      | HP: 1/42 [gnoll/+0 flail (6)]
  3382 | D:3      | Mangled by a gnoll

Illustrated notes

Levels and vault maps discovered:
D:1:      ldierk_walled_garden, layout_loops_ring, feat_on_display
D:2:      layout_basic
D:3:      layout_basic, mainiacjoe_overflow_cross_hatched, serial_shops,
          nicolae_shop_behind_doors, serial_aquarium, aquarium_bridge_square
          [aquarium_subvault_wall, aquarium_subvault_bridge,
          aquarium_subvault_window, aquarium_subvault_wall],
          aquarium_window_fake, aquarium_window_fake, aquarium_window_corner,
          aquarium_view_2b, aquarium_view_4

Skill      XL: |  1  2  3  4 |
---------------+-------------+-----
Dodging        | 2 |  2.0
Conjurations   | 2 |  2.5
Fire Magic     | 4 |  4.6
Stealth        | |  3.0
Spellcasting   | |  2.9

Action                   |  1- 3 |  4- 6 || total
-------------------------+-------+-------++-------
Melee: Unarmed           |    17 |    39 ||    56
       Dagger            |       |    10 ||    10
 Cast: Foxfire           |    49 |    72 ||   121
 Abil: Spit Poison       |     1 |     3 ||     4
  Use: Scroll            |     1 |    10 ||    11
       Potion            |       |     2 ||     2
Armor: Robe              |     8 |    18 ||    26
Dodge: Dodged            |    48 |   124 ||   172

Table legend: (Time is in decaauts)
 A = Elapsed time spent in this place.
 B = Non-inter-level travel time spent in this place.
 C = Inter-level travel time spent in this place.
 D = Time resting spent in this place.
 E = Time spent auto-exploring this place.
 F = Levels seen in this place.
 G = Mean time per level.
                   A        B        C        D        E       F      G
               +--------+--------+--------+--------+--------+-----+--------+
         Total |   4090 |   3835 |    255 |    926 |   2157 |   3 | 1363.3 |
       Dungeon |   4090 |   3835 |    255 |    926 |   2157 |   3 | 1363.3 |
               +--------+--------+--------+--------+--------+-----+--------+

Top non-repeatable levels by time:
     D:1: 1541 daAuts
     D:3: 1317 daAuts
     D:2: 1230 daAuts
